 Dungeon Crawl Stone Soup version 0.20-a0-689-g860b9ab (webtiles) character file.

352 graki42 the Firebug (level 6, -1/32 HPs)
             Began as a Deep Elf Fire Elementalist on Feb 19, 2017.
             Slain by zhorgal's ghost (15 damage)
             ... on level 4 of the Dungeon.
             The game lasted 00:13:27 (3448 turns).

graki42 the Firebug (Deep Elf Fire Elementalist)    Turns: 3448, Time: 00:13:28

Health: -1/32      AC:  3    Str:  7    XL:     6   Next: 34%
Magic:  5/15       EV: 13    Int: 20    God:
Gold:   266        SH:  0    Dex: 15    Spells: 4/15 levels left

rFire    + + .     SeeInvis .   z - +2 dagger (elec)
rCold    . . .     Gourm    .   D - +0 robe {rC+ rF+}
rNeg     . . .     Faith    .   (no shield)
rPois    .         Spirit   .   y - +0 helmet
rElec    .         Reflect  .   (no cloak)
rCorr    .         Harm     .   (no gloves)
MR       .....                  (no boots)
Stlth    +++.......             (no amulet)
Regen    0.1/turn               v - ring of stealth
MPRegen  0.2/turn               A - ring of fire

@: very slightly contaminated
A: no striking features
a: no special abilities


You were on level 4 of the Dungeon.
You were not hungry.

You visited 1 branch of the dungeon, and saw 4 of its levels.

You collected 266 gold pieces.

Inventory:

Hand Weapons
 z - a +2 dagger of electrocution (weapon)
Armour
 y - a +0 helmet (worn)
 D - a +0 robe of resistance (worn)
Jewellery
 v - a ring of stealth (right hand)
 A - a ring of fire (left hand)
Scrolls
 f - 4 scrolls of teleportation {unknown}
 i - 3 scrolls of identify {unknown}
 m - a scroll of blinking {unknown}
 n - 2 scrolls of enchant armour {unknown}
 o - a scroll of enchant weapon {unknown}
 q - 2 scrolls of fear {unknown}
 t - a scroll of magic mapping {unknown}
 u - a scroll of recharging {unknown}
 x - a scroll of immolation {unknown}
Potions
 e - a potion of mutation {unknown}
 g - a potion of resistance {unknown}
 h - a potion of curing {unknown}
 j - 4 potions of haste {unknown}
 k - a potion of magic {unknown}
 l - 3 potions of lignification {unknown}
 s - 2 potions of flight {unknown}
 w - a potion of heal wounds {unknown}
 B - a potion of might {unknown}
Books
 a - a book of Misfortune

   Spells                             Type                      Level
   a - Confusing Touch                Hexes                        1
   b - Confuse                        Hexes                        3
   c - Gell's Gravitas                Hexes/Translocation          3
   d - Petrify                        Transmutation/Earth          4
   e - Metabolic Englaciation         Hexes/Ice                    5
   f - Yara's Violent Unravelling     Hexes/Transmutation          5
 b - a book of Flames

   Spells                             Type                      Level
   a - Flame Tongue                   Conjuration/Fire             1
   b - Throw Flame                    Conjuration/Fire             2
   c - Conjure Flame                  Conjuration/Fire             3
   d - Inner Flame                    Hexes/Fire                   3
   e - Sticky Flame                   Conjuration/Fire             4
   f - Fireball                       Conjuration/Fire             5
 r - a book of Changes

   Spells                             Type                      Level
   a - Beastly Appendage              Transmutation                1
   b - Sticks to Snakes               Transmutation                2
   c - Spider Form                    Transmutation/Poison         3
   d - Ice Form                       Ice/Transmutation            4
   e - Blade Hands                    Transmutation                5
Comestibles
 c - 3 bread rations
 d - 4 meat rations
 p - a royal jelly
 C - a chunk of flesh


   Skills:
 + Level 0.2 Fighting
 + Level 2.7 Dodging
 + Level 3.5 Stealth
 + Level 5.2 Spellcasting
 + Level 3.7 Conjurations
   Level 0.2 Transmutations
 + Level 5.2 Fire Magic


You had 4 spell levels left.
You knew the following spells:

 Your Spells              Type           Power        Failure   Level  Hunger
a - Flame Tongue          Conj/Fire      ####.        1%          1    None
b - Conjure Flame         Conj/Fire      ####....     8%          3    ##.....
c - Inner Flame           Hex/Fire       ###.....     14%         3    ##.....
d - Sticky Flame          Conj/Fire      ####....     21%         4    ####...


Dungeon Overview and Level Annotations

Branches:
Dungeon (4/15)
 Temple: D:4-7

Altars:
Dithmenos
Ru

Annotations:
D:4 zhorgal's ghost, amateur MiFi


Message History

Zhorgal's ghost is severely damaged.
Zhorgal's ghost closely misses you.
Casting: Flame Tongue
Confirm with . or Enter, or press ? or * to list all spells.
Aiming: Flame Tongue
Press: ? - help, Shift-Dir - straight line, f/p - zhorgal's ghost
Aim: zhorgal's ghost (severely damaged)
You feel a surge of power!
The flame tongue hits zhorgal's ghost.
Zhorgal's ghost is almost destroyed.
Zhorgal's ghost hits you.
Casting: Flame Tongue
Confirm with . or Enter, or press ? or * to list all spells.
Aiming: Flame Tongue
Press: ? - help, Shift-Dir - straight line, f/p - zhorgal's ghost
Aim: zhorgal's ghost (almost destroyed)
You feel a surge of power!
The flame tongue misses zhorgal's ghost.
Zhorgal's ghost whispers, "Meet the emptiness of death!"
Zhorgal's ghost hits you!
You die...

#.# .. ....## ..##W
#........ #... #....#...
######..# #......#
........####......#. #
######....##........ .
####..#.#...#..
#....W.........
#.....@).......
###########....÷.<.......
..##.....##.....†........
..##.....##.........>....
..#......###..###........
.##..##### #.## ...##....
.....### ###.#...........
.#.....###.....##..#.....
....##.#......[.....#....


You could see zhorgal's ghost.

Vanquished Creatures
  A phantom (D:3)
  A water moccasin skeleton (D:4)
  An orc priest (D:3)
  Robin (D:3)
  8 adders
  An ooze (D:2)
  3 worms
  A dart slug (D:2)
  3 leopard geckos
  7 orcs
  A ball python (D:4)
  4 giant cockroaches
  13 goblins
  8 hobgoblins
  9 jackals
  2 quokkas
  5 bats
  2 frilled lizards
  10 kobolds
  6 rats
87 creatures vanquished.

Notes
Turn   | Place    | Note
-------+----------+-------------------------------------------
     0 | D:1      | graki42 the Deep Elf Fire Elementalist began the quest for the Orb.
     0 | D:1      | Reached XP level 1. HP: 10/10 MP: 6/6
   245 | D:1      | Reached XP level 2. HP: 15/15 MP: 6/8
   859 | D:2      | Reached XP level 3. HP: 19/19 MP: 7/10
  1338 | D:2      | Reached XP level 4. HP: 24/24 MP: 5/11
  1987 | D:3      | Learned a level 3 spell: Conjure Flame
  1989 | D:3      | Learned a level 1 spell: Beastly Appendage
  2018 | D:3      | Noticed Robin
  2119 | D:3      | Killed Robin
  2119 | D:3      | Reached XP level 5. HP: 16/28 MP: 4/13
  2439 | D:3      | Found a shadowy altar of Dithmenos.
  2440 | D:3      | Found a sacrificial altar of Ru.
  2874 | D:3      | Noticed a phantom
  2886 | D:3      | Killed a phantom
  2886 | D:3      | Reached skill level 5 in Fire Magic
  2972 | D:3      | Reached XP level 6. HP: 32/32 MP: 2/15
  2997 | D:3      | Learned a level 3 spell: Inner Flame
  3003 | D:3      | Learned a level 4 spell: Sticky Flame
  3302 | D:4      | Reached skill level 5 in Spellcasting
  3320 | D:4      | Noticed zhorgal's ghost (amateur MiFi)
  3448 | D:4      | Slain by zhorgal's ghost

Vault maps used:
D:1:      saegor_arrival_simple_d
D:2:      first_bread
D:3:      nicolae_overflow_hidden_temple, uniq_robin
D:4:      lemuel_castle_with_subvaults, fedhas_altar_3, lemuel_blue_sif_altar,
          minmay_close_crescents

Skill      XL: |  1  2  3  4  5  6 |
---------------+-------------------+-----
Fire Magic     | 4 5 |  5.2
Conjurations   | 2 3 |  3.7
Spellcasting   | 4 5 |  5.2
Stealth        | 3 |  3.5
Fighting       | |  0.2
Dodging        | |  2.7
Transmutations | |  0.2

Action                   |  1- 3 |  4- 6 || total
-------------------------+-------+-------++-------
Melee: Dagger            |       |     2 ||     2
 Cast: Flame Tongue      |    66 |   126 ||   192
       Beastly Appendage |       |     2 ||     2
       Conjure Flame     |       |     2 ||     2
  Use: Scroll            |       |     1 ||     1
  Eat: Chunk             |     1 |     7 ||     8
Armor: Robe              |     3 |     3 ||     6
Dodge: Dodged            |    16 |    19 ||    35
